 Dungeon Crawl Stone Soup version 0.14-a0-1773-ge500af7 (webtiles) character file.

2246 Nicoed the Skirmisher (level 9, -6/70 HPs)
             Began as a Human Fighter on Jan 7, 2014.
             Was a Believer of Okawaru.
             Mangled by a decayed bog body (12 damage)
             ... in an ossuary on Jan 8, 2014.
             The game lasted 00:28:08 (7910 turns).

Nicoed the Skirmisher (Human Fighter)               Turns: 7910, Time: 00:28:08

HP  -6/70        AC 14     Str 24      XL: 9   Next: 47%
MP   9/9         EV 12     Int  9      God: Okawaru [**....]
Gold 216         SH 12     Dex 15      Spells:  0 memorised,  8 levels left

rFire  + . .     SeeInvis .     c - +1,+2 orc falchion
rCold  x . .     Clarity  .     l - +2 dwarf ring mail
rNeg   . . .     Conserve .     D - +0 buckler of Miunwang {Str+5 Dex+2}
rPois  .         rCorr    .     q - +0 helmet (curse)
rElec  .         rRot     .     g - +0 elf cloak
SustAb . .       Spirit   .     (no gloves)
rMut   .         Warding  .     (no boots)
Saprov . . .     Stasis   .     (no amulet)
                                y - ring of fire
                                w - +3 ring of protection

@: slightly resistant to hostile enchantments, unstealthy
A: no striking features
a: Heroism, Renounce Religion


You were in an ossuary.
You worshipped Okawaru.
Okawaru was pleased with you.
You were not hungry.

You visited 2 branches of the dungeon, and saw 7 of its levels.
You also visited: Ossuary.

You collected 216 gold pieces.

Inventory:

Hand weapons
 c - a +1,+2 orcish falchion (weapon)
Armour
 g - a +0 elven cloak (worn)
 l - a +2 dwarven ring mail (worn)
 q - a cursed +0 helmet (worn)
 D - the +0 buckler of Miunwang (worn) {Str+5 Dex+2}
   (You found it on level 5 of the Dungeon)

   It affects your strength (+5).
   It affects your dexterity (+2).
Comestibles
 k - 2 meat rations
 v - a bread ration
 B - 2 apples
 C - a slice of pizza
Scrolls
 e - a scroll of fear {unknown}
 h - 5 scrolls of teleportation
 m - a scroll of remove curse
 t - a scroll of magic mapping
Jewellery
 w - a +3 ring of protection (left hand)
 x - a cursed ring of protection from magic {unknown}
 y - a ring of fire (right hand)
Potions
 a - 2 potions of cure mutation {unknown}
 d - a potion of heal wounds {unknown}
 f - a potion of might
 i - a potion of magic {unknown}
 j - a potion of brilliance {unknown}
 n - a potion of agility
 o - a potion of speed {unknown}
 u - a potion of confusion
 z - a potion of lignification {unknown}
 A - a potion of restore abilities
 E - 3 potions of flight


   Skills:
 + Level 6.3 Fighting
 + Level 5.4 Long Blades
 + Level 5.8 Armour
 + Level 5.2 Dodging
 + Level 6.0 Shields


You had 8 spell levels left.
You didn't know any spells.

Dungeon Overview and Level Annotations

Branches:
Dungeon (6/16)             Temple (1/1) D:5

Altars:
Ashenzari
Cheibriados
Elyvilon
Kikubaaqudgha
Nemelex Xobeh
Okawaru
Sif Muna
Trog
Xom
Yredelemnul
Zin
the Shining One

Shops:
D:5 (   D:6 (


Message History

You smell decay.
The decayed bog body casts a spell.
You smell decay.
There is an open door here.
You see here a bog body skeleton.
You start resting.
A mummy comes into view.
There is an open door here.
You hit the decayed bog body.
The decayed bog body is moderately damaged.
The decayed bog body hits you! The decayed bog body touches you.
* * * LOW HITPOINT WARNING * * *
The decayed bog body freezes you!
You feel a terrible chill!
* * * LOW HITPOINT WARNING * * *
The decayed bog body closely misses you.
The decayed bog body touches you.
* * * LOW HITPOINT WARNING * * *
The decayed bog body freezes you!
You feel a terrible chill!
One of your 2 potions of might freezes and shatters!
You die...

###≈##≈
?#≈M.##
≈≈≈≈≈# #≈.P≈#
###.#≈# ##
#.'≈≈P#≈≈≈#
#####≈≈#≈≈≈≈#
#∩..#n..≈≈≈≈#
#.∩%@n#≈#####
#...#≈≈.#
#####.##≈#
.≈≈ ≈≈≈
≈≈≈##≈#≈ #P≈≈
≈ ≈≈≈≈# #≈≈≈≈
#


You could see 2 decayed bog bodies and a mummy.

Vanquished Creatures
  A hippogriff (D:6)
  The ghost of wojtek the Cudgeler, an average TeGl (D:3)
  A black bear (D:6)
  A sky beast (D:5)
  A centaur (D:6)
  An ogre (D:5)
  A phantom (D:5)
  A giant frog (D:5)
  5 killer bees (D:6)
  4 wights
  2 crimson imps (D:5)
  4 bog bodies (Ossuary)
  3 scorpions
  2 giant frog zombies (Ossuary)
  A black bear skeleton (D:6)
  2 orc wizards (D:3)
  2 iguanas (D:4)
  A hound (D:5)
  3 worker ants
  Ijyb (D:2)
  Terence (D:2)
  2 mummies (Ossuary)
  4 gnolls (D:4)
  7 adders
  2 giant mites
  A worm (D:3)
  An iguana skeleton (D:5)
  2 giant eyeballs
  7 giant geckos
  2 oozes (D:4)
  5 orcs
  A bat skeleton (D:5)
  6 giant cockroaches
  9 goblins
  18 hobgoblins
  13 jackals
  17 kobolds
  20 bats
  6 giant newts
  An orc zombie (Ossuary)
  3 quokkas
  2 quokka zombies
  12 rats
  A rat zombie (Ossuary)
181 creatures vanquished.

Vanquished Creatures (others)
  A plant (Ossuary)
1 creature vanquished.

Grand Total: 182 creatures vanquished

Notes
Turn   | Place    | Note
--------------------------------------------------------------
     0 | D:1      | Nicoed, the Human Fighter, began the quest for the Orb.
     0 | D:1      | Reached XP level 1. HP: 18/18 MP: 1/1
   169 | D:1      | Reached XP level 2. HP: 24/24 MP: 2/2
   441 | D:1      | Reached XP level 3. HP: 22/29 MP: 3/3
   696 | D:1      | Reached skill level 1 in Dodging
   767 | D:2      | Reached XP level 4. HP: 26/36 MP: 4/4
  1308 | D:2      | Noticed Terence
  1322 | D:2      | Killed Terence
  1471 | D:2      | Noticed Ijyb
  1502 | D:2      | Killed Ijyb
  1502 | D:2      | Reached XP level 5. HP: 39/42 MP: 5/5
  1937 | D:3      | Noticed wojtek's ghost (average TeGl)
  1984 | D:3      | Reached skill level 4 in Fighting
  2060 | D:3      | Killed wojtek's ghost
  2060 | D:3      | Reached XP level 6. HP: 17/48 MP: 6/6
  2965 | D:4      | Reached XP level 7. HP: 34/55 MP: 7/7
  4115 | D:4      | Paralysed by a giant eyeball for 2 turns
  4119 | D:4      | Paralysed by a giant eyeball for 2 turns
  4122 | D:4      | Paralysed by a giant eyeball for 4 turns
  4212 | D:5      | Entered Level 5 of the Dungeon
  5004 | D:5      | Found a staircase to the Ecumenical Temple.
  5048 | Temple   | Entered the Ecumenical Temple
  5259 | Temple   | Became a worshipper of Warmaster Okawaru
  5319 | D:5      | Found Thop's Antique Weapon Boutique.
  5321 | D:5      | Got a distressingly furry buckler
  5330 | D:5      | Identified the +0 buckler of Miunwang {Str+5 Dex+2} (You found it on level 5 of the Dungeon)
  5450 | D:5      | Reached skill level 5 in Fighting
  5450 | D:5      | Reached XP level 8. HP: 33/62 MP: 8/8
  5535 | D:5      | Acquired Okawaru's first power
  5535 | D:5      | Reached skill level 5 in Shields
  6175 | D:5      | Reached skill level 5 in Armour
  6580 | D:6      | Reached XP level 9. HP: 40/69 MP: 9/9
  7088 | D:6      | Paralysed by a giant eyeball for 2 turns
  7091 | D:6      | Paralysed by a giant eyeball for 4 turns
  7097 | D:6      | Paralysed by a giant eyeball for 2 turns
  7247 | D:6      | Reached skill level 5 in Long Blades
  7307 | D:6      | Found Throkkul's Weapon Shoppe.
  7374 | D:6      | Found a sand-covered staircase.
  7384 | D:6      | Reached skill level 6 in Fighting
  7644 | Ossuary  | Entered an ossuary
  7658 | Ossuary  | Reached skill level 5 in Dodging
  7661 | Ossuary  | HP: 2/69 [decayed bog body (12)]
  7910 | Ossuary  | Mangled by a decayed bog body

Action                   |  1- 3 |  4- 6 |  7- 9 || total
-------------------------+-------+-------+-------++-------
Melee: Falchion          |   109 |   321 |   773 ||  1203
  Use: Scroll            |       |     5 |    12 ||    17
       Potion            |       |       |     9 ||     9
 Stab: Sleeping          |       |     1 |       ||     1
